 Dungeon Crawl Stone Soup version 0.20.1-1-g8b1a95d (webtiles) character file.

297 Schiappus the Chopper (level 6, -1/67 HPs)
             Began as a Troll Berserker on Oct 14, 2017.
             Was a Believer of Trog.
             Slain by an ogre
             ... wielding a +0 giant club
              (8 damage)
             ... on level 4 of the Dungeon on Oct 17, 2017.
             The game lasted 00:19:34 (3710 turns).

Schiappus the Chopper (Troll Berserker)             Turns: 3710, Time: 00:19:35

Health: -1/67      AC:  6    Str: 26    XL:     6   Next: 12%
Magic:  5/5        EV: 11    Int:  5    God:    Trog [**....]
Gold:   254        SH:  2    Dex:  9    Spells: 5/5 levels left

rFire    . . .     SeeInvis .   a - +0 hand axe
rCold    . . .     Gourm    +   (no shield)
rNeg     . . .     Faith    .   o - +1 robe
rPois    .         Spirit   .   (helmet restricted)
rElec    .         Reflect  +   (no cloak)
rCorr    .         Harm     .   (gloves unavailable)
MR       +....                  (boots unavailable)
Stlth    +.........             i - +2 amulet of reflection
Regen    0.7/turn               j - ring of protection from magic
MPRegen  0.1/turn               (no ring)

@: no status effects
A: unfitting armour, claws 3, fast metabolism 3, gourmand, regeneration 1,
robust 1, shaggy fur 1, tough skin 2
a: Berserk, Trog's Hand, Burn Spellbooks, Renounce Religion


You were on level 4 of the Dungeon.
You worshipped Trog.
Trog was pleased with you.
You were hungry.

You visited 2 branches of the dungeon, and saw 5 of its levels.

You collected 254 gold pieces.

Inventory:

Hand Weapons
 a - a +0 hand axe (weapon)
Armour
 o - a +1 robe (worn)
Jewellery
 i - a +2 amulet of reflection (around neck)
 j - a ring of protection from magic (left claw)
Scrolls
 b - 2 scrolls of recharging
 g - a scroll of enchant weapon
 h - a scroll of remove curse
Potions
 e - 4 potions of agility
 f - 2 potions of curing
 l - a potion of magic
 p - a potion of cancellation
Comestibles
 c - 5 bread rations
 d - 4 fruits
 k - a meat ration
 m - a royal jelly


   Skills:
 + Level 3.3 Fighting
 + Level 4.2 Axes
 + Level 3.6 Dodging
 + Level 0.5 Stealth


You had 5 spell levels left.
You didn't know any spells.

Dungeon Overview and Level Annotations

Branches:
Dungeon (4/15)             Temple (1/1) D:4

Altars:
Dithmenos
Elyvilon
Fedhas
Gozag
Kikubaaqudgha
Nemelex Xobeh
Qazlal
Ru
Sif Muna
Uskayaw
Vehumet
Yredelemnul
Zin
The Shining One


Innate Abilities, Weirdness & Mutations

You are too large for most types of armour.
You have claws for hands.
Your metabolism is lightning-fast.
You like to eat raw meat.
Your natural rate of healing is unusually fast.
You are covered in fur. (AC +1)
You have very tough skin. (AC +2)
You are robust. (+10% HP)


Message History

You hit the ogre but do no damage. The ogre hits you with a giant club!!
You slash the ogre!
The ogre is moderately wounded.
The ogre hits you with a giant club!!
You barely miss the ogre.
The ogre is moderately wounded.
You hit the ogre.
The ogre is heavily wounded.
The ogre hits you with a giant club.
You barely miss the ogre.
The ogre is heavily wounded.
The ogre closely misses you.
You barely miss the ogre.
The ogre is heavily wounded.
The ogre hits you with a giant club!
* * * LOW HITPOINT WARNING * * *
You hit the ogre but do no damage.
The ogre is heavily wounded.
The ogre hits you with a giant club!
You die...

######.## .....$####
#........ .........#
#....#.#. .........#
#...#.#.# .........#
#..#.#.#. .........#
#...#.>.# .........#
#..#.#.#. .........#
#...#.#.# #....O@.#
#....#.#. #.......#
#........ ##.......#
#..####.. #........#
##.# #.. #.#####'## #.#
#..
#.......#########.####..
#.......................
#...(......##.......).##
#.####.....##.........#


You could see an ogre.

Vanquished Creatures
  The ghost of matthes123 the Chopper, an amateur MiFi (D:3)
  A scorpion (D:4)
  A worker ant (D:4)
  5 adders
  2 oozes
  3 worms
  2 dart slugs (D:1)
  2 leopard geckos
  3 orcs (D:3)
  A giant cockroach (D:3)
  8 goblins
  6 hobgoblins
  7 jackals
  5 kobolds
  7 bats
  3 frilled lizards
  7 rats
64 creatures vanquished.

Notes
Turn   | Place    | Note
-------+----------+-------------------------------------------
     0 | D:1      | Schiappus the Troll Berserker began the quest for the Orb.
     0 | D:1      | Reached XP level 1. HP: 22/22 MP: 0/0
   250 | D:1      | Reached XP level 2. HP: 29/29 MP: 1/1
   813 | D:1      | Reached XP level 3. HP: 28/36 MP: 2/2
  1062 | D:1      | Gained mutation: You are surrounded by a mild repulsion field. (EV +2) [potion of mutation]
  1062 | D:1      | Gained mutation: You are agile. (Dex +2) [potion of mutation]
  1174 | D:2      | Reached ** piety under Trog
  1284 | D:2      | Reached skill level 3 in Axes
  1856 | D:2      | Reached XP level 4. HP: 40/44 MP: 3/3
  2050 | D:3      | Lost mutation: You are agile. (Dex +2) [potion of mutation]
  2050 | D:3      | Lost mutation: You are surrounded by a mild repulsion field. (EV +2) [potion of mutation]
  2050 | D:3      | Gained mutation: You have a pair of small horns on your head. [potion of mutation]
  2050 | D:3      | Lost mutation: You have a pair of small horns on your head. [potion of mutation]
  2050 | D:3      | Gained mutation: You are robust. (+10% HP) [potion of mutation]
  2179 | D:3      | Noticed matthes123's ghost (amateur MiFi)
  2194 | D:3      | Killed matthes123's ghost
  2194 | D:3      | Reached XP level 5. HP: 5/58 MP: 4/4
  3168 | D:3      | Reached skill level 4 in Axes
  3278 | D:4      | Reached XP level 6. HP: 40/67 MP: 5/5
  3347 | D:4      | Found a staircase to the Ecumenical Temple.
  3393 | Temple   | Entered the Ecumenical Temple
  3710 | D:4      | Slain by an ogre

Skill      XL: |  1  2  3  4  5 |
---------------+----------------+-----
Axes           | 3 4 |  4.2
Dodging        | 3 |  3.6
Fighting       | 3 |  3.3
Stealth        | |  0.5

Action                   |  1- 3 |  4- 6 || total
-------------------------+-------+-------++-------
Melee: Hand axe          |   153 |   116 ||   269
Invok: Berserk           |       |     1 ||     1
       Burn Spellbooks   |       |     1 ||     1
  Use: Scroll            |     7 |     8 ||    15
       Potion            |     1 |     1 ||     2
  Eat: Chunk             |    23 |     9 ||    32
Armor: Animal skin       |    79 |       ||    79
       Robe              |    11 |    38 ||    49
Dodge: Dodged            |   146 |    69 ||   215
Block: Other             |     3 |     5 ||     8
